General information
- name: BNet
- type: Ladder team game (AT/RT)
- host: Battle.net
- saver: dogsandhorse.ru
map: RiverOfSouls
- players: 6
- length: 22:54
- speed: Fast
- version: 1.26 W3XP
- replay type:

» download(187 KB)
Players
team 1 (loser)
huj_ci_wdupe (
pink | 129 APM | 2911 actions | 22:29)
2 Far Seer
1 Feral Spirit
1 Chain Lighting
1 Shadow Hunter
1 Healing Wave
» actions
| Assign group hotkey | 1185 | |
| Basic commands | 292 | |
| Build / train | 60 | |
| Enter build submenu | 14 | |
| Enter hero's abilities submenu | 3 | |
| Remove unit from queue | 1 | |
| Right click | 763 | |
| Select / deselect | 328 | |
| Select group hotkey | 231 | |
| Use ability | 34 | |
2911 total
» units
| Peon | 14 | |
| Grunt | 22 | |
| Demolisher | 12 | |
48 total
» upgrades
» buildings
| Altar of Storms | 1 | |
| Orc Burrow | 5 | |
| Barracks | 2 | |
| War Mill | 1 | |
| Watch Tower | 3 | |
| Stronghold | 1 | |
13 total
» build order
00:07 Altar of Storms
00:19 Orc Burrow
00:37 Barracks
01:30 Orc Burrow
02:05 War Mill
04:32 Orc Burrow
04:34 Orc Burrow
05:12 Watch Tower
05:44 Stronghold
05:55 Barracks
06:32 Orc Burrow
10:55 Stronghold
21:37 Watch Tower
21:39 Watch Tower
Justyna (
orange | 59 APM | 1330 actions | 22:25)
2 Priestess of the Moon
1 Searing Arrows
1 Scout
2 Warden
1 Shadow Strike
1 Blink
2 Keeper of the Grove
1 Entangling Roots
1 Force of Nature
» actions
| Assign group hotkey | 24 | |
| Build / train | 43 | |
| ESC pressed | 3 | |
| Enter build submenu | 27 | |
| Enter hero's abilities submenu | 6 | |
| Remove unit from queue | 1 | |
| Right click | 473 | |
| Select / deselect | 306 | |
| Select group hotkey | 368 | |
| Use ability | 79 | |
1330 total
» units
| Wisp | 18 | |
| Chimaera | 7 | |
| Glaive Thrower | 1 | |
26 total
» upgrades
| Corrosive Breath | 1 | |
| Strength of the Wild | 1 | |
| Reinforced Hides | 1 | |
| Well Spring | 1 | |
| Ultravision | 1 | |
5 total
» buildings
| Altar of Elders | 1 | |
| Moon Well | 7 | |
| Tree of Ages | 1 | |
| Hunter's Hall | 1 | |
| Tree of Eternity | 1 | |
| Ancient of Wind | 1 | |
| Ancient Protector | 5 | |
| Chimaera Roost | 2 | |
| Ancient of War | 2 | |
21 total
» build order
00:08 Altar of Elders
00:11 Moon Well
01:49 Tree of Ages
02:02 Hunter's Hall
02:22 Moon Well
04:11 Tree of Eternity
04:14 Ancient of Wind
04:58 Ancient Protector
05:20 Moon Well
05:38 Ancient Protector
06:40 Chimaera Roost
07:42 Chimaera Roost
08:21 Moon Well
08:26 Ancient Protector
09:00 Moon Well
10:00 Moon Well
10:02 Ancient Protector
10:24 Moon Well
17:20 Ancient Protector
17:40 Ancient of War
19:47 Ancient of War
szejk (
purple | 97 APM | 2220 actions | 22:53)
2 Blademaster
1 Wind Walk
1 Critical Strike
» actions
| Assign group hotkey | 106 | |
| Basic commands | 34 | |
| Build / train | 65 | |
| ESC pressed | 6 | |
| Enter build submenu | 17 | |
| Enter hero's abilities submenu | 2 | |
| Remove unit from queue | 1 | |
| Right click | 1358 | |
| Select / deselect | 345 | |
| Select group hotkey | 257 | |
| Use ability | 29 | |
2220 total
» units
| Peon | 11 | |
| Grunt | 13 | |
| Demolisher | 16 | |
| Troll Headhunter/Berserker | 8 | |
48 total
» upgrades
| Armor | 1 | |
| Burning Oil | 1 | |
| Pillage | 1 | |
3 total
» buildings
| Altar of Storms | 1 | |
| Orc Burrow | 5 | |
| Barracks | 2 | |
| War Mill | 1 | |
| Stronghold | 5 | |
| Fortress | 1 | |
| Spirit Lodge | 1 | |
16 total
» build order
00:05 Altar of Storms
00:17 Orc Burrow
00:33 Barracks
01:27 Orc Burrow
02:21 War Mill
03:28 Stronghold
03:29 Stronghold
03:29 Stronghold
03:31 Orc Burrow
04:50 Orc Burrow
05:30 Barracks
06:21 Fortress
11:16 Orc Burrow
20:57 Spirit Lodge
team 2 (winner)
backintheUSSR (
green | 129 APM | 2963 actions | 22:53)
5 Warden
3 Shadow Strike
2 Blink
5 Pandaren Brewmaster
3 Breath of Fire
2 Drunken Haze
» actions
| Assign group hotkey | 4 | |
| Basic commands | 14 | |
| Build / train | 64 | |
| ESC pressed | 1 | |
| Enter build submenu | 17 | |
| Enter hero's abilities submenu | 10 | |
| Give item / drop item | 6 | |
| Right click | 1850 | |
| Select / deselect | 124 | |
| Select group hotkey | 717 | |
| Use ability | 156 | |
2963 total
» units
» upgrades
» buildings
| Altar of Elders | 1 | |
| Moon Well | 16 | |
| Tree of Ages | 1 | |
| Tree of Life | 1 | |
| Hunter's Hall | 1 | |
| Ancient of Wonders | 1 | |
| Tree of Eternity | 1 | |
22 total
» build order
00:02 Altar of Elders
00:10 Moon Well
02:57 Moon Well
04:22 Moon Well
04:26 Moon Well
04:28 Moon Well
05:35 Tree of Ages
06:18 Tree of Life
06:54 Hunter's Hall
08:38 Ancient of Wonders
09:08 Tree of Eternity
16:31 Moon Well
16:34 Moon Well
16:35 Moon Well
19:19 Moon Well
19:20 Moon Well
19:21 Moon Well
19:22 Moon Well
19:22 Moon Well
19:26 Moon Well
19:26 Moon Well
19:27 Moon Well
» items
| Staff of Teleportation | 2 | |
| Boots of Speed | 2 | |
| Orb of Venom | 1 | |
| Healing Salve | 4 | |
| Lesser Clarity Potion | 5 | |
| Orb of Lightning | 1 | |
15 total
dogsandhorse.ru (
teal | 96 APM | 2193 actions | 22:54)
5 Blademaster
2 Wind Walk
3 Critical Strike
» actions
| Assign group hotkey | 18 | |
| Basic commands | 8 | |
| Build / train | 72 | |
| Enter build submenu | 57 | |
| Enter hero's abilities submenu | 5 | |
| Give item / drop item | 3 | |
| Right click | 1451 | |
| Select / deselect | 342 | |
| Select group hotkey | 95 | |
| Use ability | 142 | |
2193 total
» units
» upgrades
| Liquid Fire | 1 | |
| Ranged Weapons | 3 | |
| Armor | 1 | |
5 total
» buildings
| Altar of Storms | 1 | |
| Orc Burrow | 4 | |
| War Mill | 1 | |
| Watch Tower | 41 | |
| Voodoo Lounge | 4 | |
| Stronghold | 1 | |
| Beastiary | 2 | |
| Fortress | 3 | |
57 total
» build order
00:07 Altar of Storms
00:17 Orc Burrow
00:33 War Mill
01:46 Watch Tower
01:49 Watch Tower
01:52 Watch Tower
01:54 Watch Tower
02:20 Watch Tower
02:46 Voodoo Lounge
02:53 Watch Tower
03:06 Watch Tower
03:21 Stronghold
03:40 Voodoo Lounge
03:57 Watch Tower
04:10 Watch Tower
04:23 Watch Tower
04:58 Watch Tower
05:00 Watch Tower
05:40 Orc Burrow
06:18 Beastiary
06:20 Beastiary
06:24 Watch Tower
06:34 Watch Tower
06:35 Watch Tower
06:37 Watch Tower
07:03 Watch Tower
07:32 Watch Tower
07:45 Orc Burrow
07:46 Orc Burrow
08:26 Fortress
08:27 Fortress
08:27 Fortress
10:10 Voodoo Lounge
10:32 Watch Tower
10:34 Watch Tower
12:25 Watch Tower
12:28 Watch Tower
12:34 Voodoo Lounge
13:33 Watch Tower
14:44 Watch Tower
14:45 Watch Tower
15:42 Watch Tower
16:18 Watch Tower
16:25 Watch Tower
16:27 Watch Tower
16:27 Watch Tower
17:16 Watch Tower
17:36 Watch Tower
18:23 Watch Tower
19:21 Watch Tower
19:28 Watch Tower
19:28 Watch Tower
19:29 Watch Tower
19:29 Watch Tower
19:42 Watch Tower
20:40 Watch Tower
20:47 Watch Tower
» items
| Boots of Speed | 1 | |
| Staff of Teleportation | 2 | |
| Dust of Appearance | 1 | |
| Healing Salve | 4 | |
| Lesser Clarity Potion | 8 | |
| Orb of Lightning | 1 | |
17 total
Towers4Algernon (
red | 100 APM | 2298 actions | 22:53)
4 Archmage
1 Summon Water Elemental
2 Blizzard
1 Brilliance Aura
2 Pandaren Brewmaster
1 Breath of Fire
1 Drunken Brawler
» actions
| Assign group hotkey | 195 | |
| Basic commands | 60 | |
| Build / train | 153 | |
| ESC pressed | 1 | |
| Enter build submenu | 113 | |
| Enter hero's abilities submenu | 7 | |
| Remove unit from queue | 3 | |
| Right click | 824 | |
| Select / deselect | 602 | |
| Select group hotkey | 169 | |
| Use ability | 171 | |
2298 total
» units
» upgrades
| Masonry | 3 | |
| Lumber Harvesting | 2 | |
| Magic Sentry | 1 | |
6 total
» buildings
| Altar of Kings | 1 | |
| Farm | 3 | |
| Lumber Mill | 1 | |
| Scout Tower | 100 | |
| Arcane Tower | 2 | |
| Guard Tower | 90 | |
| Town Hall | 1 | |
| Keep | 2 | |
| Castle | 2 | |
| Arcane Sanctum | 1 | |
| Arcane Vault | 3 | |
206 total
» build order
00:04 Altar of Kings
00:30 Farm
00:33 Lumber Mill
01:12 Scout Tower
01:37 Scout Tower
01:39 Arcane Tower
01:41 Scout Tower
01:55 Scout Tower
01:56 Scout Tower
02:03 Farm
02:07 Guard Tower
02:07 Guard Tower
02:08 Guard Tower
02:08 Guard Tower
02:27 Scout Tower
02:27 Scout Tower
02:44 Guard Tower
02:44 Guard Tower
02:47 Scout Tower
02:47 Scout Tower
03:14 Guard Tower
03:15 Guard Tower
03:38 Guard Tower
03:38 Guard Tower
03:59 Town Hall
04:21 Scout Tower
04:54 Guard Tower
04:54 Guard Tower
04:56 Scout Tower
04:56 Scout Tower
05:33 Farm
05:37 Guard Tower
05:37 Guard Tower
05:39 Scout Tower
05:40 Scout Tower
05:54 Guard Tower
05:54 Guard Tower
05:54 Guard Tower
06:21 Scout Tower
06:22 Scout Tower
06:23 Scout Tower
06:44 Guard Tower
06:45 Guard Tower
06:46 Scout Tower
06:48 Scout Tower
06:48 Scout Tower
07:05 Guard Tower
07:06 Guard Tower
07:17 Guard Tower
07:18 Guard Tower
07:23 Scout Tower
07:23 Scout Tower
07:24 Scout Tower
07:42 Guard Tower
07:44 Scout Tower
07:45 Scout Tower
07:45 Scout Tower
07:46 Scout Tower
07:56 Guard Tower
07:57 Guard Tower
08:04 Scout Tower
08:08 Scout Tower
08:08 Scout Tower
08:10 Guard Tower
08:11 Guard Tower
08:12 Guard Tower
08:30 Scout Tower
08:31 Scout Tower
08:34 Guard Tower
08:36 Scout Tower
08:45 Guard Tower
08:46 Guard Tower
08:47 Scout Tower
08:48 Scout Tower
08:48 Scout Tower
09:00 Scout Tower
09:00 Scout Tower
09:03 Scout Tower
09:03 Scout Tower
09:06 Scout Tower
09:07 Scout Tower
09:13 Guard Tower
09:14 Guard Tower
09:44 Scout Tower
09:47 Guard Tower
09:47 Guard Tower
10:07 Scout Tower
10:08 Scout Tower
10:08 Scout Tower
10:09 Scout Tower
10:15 Guard Tower
10:16 Guard Tower
10:26 Scout Tower
10:50 Guard Tower
10:51 Guard Tower
10:51 Guard Tower
11:01 Guard Tower
11:01 Guard Tower
11:04 Scout Tower
11:05 Scout Tower
11:05 Scout Tower
11:07 Scout Tower
11:17 Scout Tower
11:18 Scout Tower
11:28 Keep
11:57 Guard Tower
12:05 Scout Tower
12:06 Scout Tower
12:09 Scout Tower
12:49 Scout Tower
12:51 Scout Tower
12:52 Scout Tower
12:52 Scout Tower
12:54 Scout Tower
12:55 Scout Tower
13:22 Guard Tower
13:22 Guard Tower
13:23 Guard Tower
13:27 Guard Tower
13:33 Scout Tower
13:34 Scout Tower
13:54 Castle
13:57 Guard Tower
14:02 Scout Tower
14:03 Scout Tower
14:03 Scout Tower
14:03 Scout Tower
14:29 Scout Tower
14:39 Scout Tower
14:59 Guard Tower
14:59 Guard Tower
15:00 Guard Tower
15:08 Scout Tower
15:08 Scout Tower
15:10 Scout Tower
15:12 Scout Tower
15:14 Scout Tower
15:37 Scout Tower
15:38 Scout Tower
15:45 Scout Tower
15:49 Scout Tower
15:54 Guard Tower
15:57 Guard Tower
15:58 Guard Tower
15:58 Guard Tower
16:03 Scout Tower
16:05 Scout Tower
16:17 Scout Tower
16:21 Guard Tower
16:53 Arcane Sanctum
16:54 Guard Tower
17:01 Arcane Vault
17:01 Arcane Vault
17:02 Arcane Vault
17:56 Guard Tower
19:31 Scout Tower
20:03 Guard Tower
20:04 Scout Tower
20:05 Scout Tower
20:29 Scout Tower
20:30 Scout Tower
20:30 Scout Tower
20:31 Scout Tower
21:00 Guard Tower
21:03 Guard Tower
21:29 Scout Tower
21:29 Scout Tower
21:30 Scout Tower
21:31 Scout Tower
21:31 Scout Tower
21:31 Scout Tower
21:32 Scout Tower
22:29 Guard Tower
22:29 Guard Tower
22:29 Guard Tower
22:33 Scout Tower
22:34 Scout Tower
22:34 Scout Tower
» items
| Staff of Teleportation | 1 | |
| Tome of Retraining | 1 | |
| Healing Salve | 3 | |
| Potion of Healing | 5 | |
| Orb of Lightning | 1 | |
11 total
Chat log
(01:14 / Allies) dogsandhorse.ru: blade, mr.
(22:19 / All) dogsandhorse.ru: lol